 Dungeon Crawl Stone Soup version 0.29.1-1-gd02db6906a (webtiles) character file.

Game seed: 1856307593285343530

58 Tiocfaidh the Trooper (level 3, -3/30 HPs)
             Began as a Demonspawn Abyssal Knight on Sept 29, 2022.
             Was a Priest of Lugonu.
             Slain by a gnoll
             ... wielding a +0 club
              (7 damage)
             ... on level 2 of the Dungeon.
             The game lasted 00:06:47 (1046 turns).

Tiocfaidh the Trooper (Demonspawn Abyssal Knight)   Turns: 1046, Time: 00:06:48

Health: -3/30      AC:  5    Str: 15    XL:     3   Next: 75%
Magic:  4/4        EV: 10    Int: 13    God:    Lugonu [***...]
Gold:   119        SH:  0    Dex: 13    Spells: 2/2 levels left

rFire   . . .      SeeInvis .   l - +3 dagger (venom)
rCold   + . .      Faith    .   (no shield)
rNeg    . . .      Spirit   .   c - +0 ring mail {rC+}
rPois   .          Reflect  .   (helmet restricted)
rElec   .          Harm     .   (no cloak)
rCorr   .          Rampage  .   (no gloves)
Will    .....                   (no boots)
Stlth   +.........              (no amulet)
HPRegen 0.10/turn               (no ring)
MPRegen 0.09/turn               (no ring)

@: no status effects
A: horns 1, big brain 1
a: Renounce Religion, Depart the Abyss, Bend Space, Banish


You were on level 2 of the Dungeon.
You worshipped Lugonu.
Lugonu was most pleased with you.
You visited 1 branch of the dungeon, and saw 2 of its levels.
You visited the Abyss 1 time.

You collected 119 gold pieces.

Inventory:

Hand Weapons
 l - a +3 dagger of venom (weapon)
Armour
 c - a +0 ring mail of cold resistance (worn)
Scrolls
 b - 2 scrolls of teleportation {unknown}
 f - a scroll of brand weapon {unknown}
 i - a scroll of magic mapping {unknown}
 k - a scroll of immolation {unknown}
Potions
 e - 2 potions of attraction {unknown}
 g - 2 potions of lignification {unknown}
 h - a potion of might {unknown}
 j - a potion of magic {unknown}


   Skills:
 + Level 3.9 Fighting
 + Level 2.2 Axes
 + Level 2.2 Armour
 + Level 1.4 Dodging
 + Level 0.1 Stealth
 + Level 2.4 Invocations


You had 2 spell levels left.
You didn't know any spells.
Your spell library contained the following spells:

 Spells                   Type           Power      Damage    Failure   Level
 Ozocubu's Armour         Ice            0%         N/A       87%         3
 Ozocubu's Refrigeration  Ice            0%         4d7       100%        7


Dungeon Overview and Level Annotations

Branches:
Dungeon (2/15)

Altars:
Fedhas

Shops:
D:2 [


Innate Abilities, Weirdness & Mutations

You have a pair of small horns on your head.
You have an unusually large brain. (Int +2)


Message History

The kobold hits you with a +0 short sword.
You hit the kobold.
You kill the kobold!
Lugonu accepts your kill.
You see here a +0 short sword.
You open the door.
You see here a staff of poison.
You open the door.
There is an open door here.
A gnoll comes into view. It is wielding a +0 spear.
The gnoll shouts!
A gnoll comes into view. It is wielding a +0 club.
An endoplasm comes into view.
A gnoll comes into view. It is wielding a +0 flail.
The gnoll shouts!
The endoplasm quivers.
A goblin comes into view. It is wielding a +0 dagger.
You hit the endoplasm. You headbutt the endoplasm.
You kill the endoplasm!
Lugonu accepts your kill. The gnoll hits you with a +0 club.
The gnoll hits you from afar with a +0 spear.
You hit the gnoll but do no damage.
The gnoll is poisoned.
Your headbutt misses the gnoll. The gnoll hits you with a +0 club.
The gnoll barely misses you. The gnoll attacks as you move away!
The gnoll hits you with a +0 club!
* * * LOW HITPOINT WARNING * * *
You barely miss the gnoll. Your headbutt misses the gnoll.
The gnoll is moderately wounded.
The gnoll hits you with a +0 club.
* * * LOW HITPOINT WARNING * * *
The gnoll attacks as you move away! The gnoll hits you with a +0 club.
* * * LOW HITPOINT WARNING * * *
Okay, then.
Okay, then.
As you read the scroll labelled JIDWOE GEJAMI, it crumbles to dust.
It is a scroll of enchant weapon.
Your +2 dagger of venom glows red for a moment.
The gnoll hits you with a +0 club!
You die...

##'#..>.....#+####.....
#.......##......##.....
#..........#....+......
#..........#....#.(....
#..........#.......#|##
#..........#.....###.#
#..........#.....# #.#
#....#'#####.....# #.#
######@# #####.###.#
#g# #.....# #g# #######
#g# #g# ... ...## .....
....##


You could see 3 gnolls and a goblin.

Vanquished Creatures
  2 adders (D:2)
  3 endoplasms (D:2)
  2 giant cockroaches (D:1)
  2 hobgoblins (D:1)
  A quokka (D:1)
  4 ball pythons
  4 bats (D:1)
  9 frilled lizards
  2 goblins
  6 kobolds
  6 rats
41 creatures vanquished.

Vanquished Creatures (others)
  7 plants (D:2)
7 creatures vanquished.

Grand Total: 48 creatures vanquished

Notes
Turn   | Place    | Note
-------+----------+-------------------------------------------
     0 | Abyss:1  | Tiocfaidh the Demonspawn Abyssal Knight began the quest for
                  | the Orb.
     0 | Abyss:1  | Reached XP level 1. HP: 18/18 MP: 2/2
    46 | D:1      | Escaped the Abyss
    66 | D:1      | Reached skill level 1 in Dodging
   358 | D:1      | Gained mutation: You have an unusually large brain. (Int
                  | +2) [demonic ancestry]
   358 | D:1      | Reached XP level 2. HP: 24/24 MP: 3/3
   674 | D:2      | Reached *** piety under Lugonu
   675 | D:2      | Gained mutation: You have a pair of small horns on your
                  | head. [demonic ancestry]
   675 | D:2      | Reached XP level 3. HP: 28/30 MP: 4/4
   739 | D:2      | Found a blossoming altar of Fedhas.
   902 | D:2      | Found Zouh's Armour Boutique.
  1046 | D:2      | Slain by a gnoll

Illustrated notes

Levels and vault maps discovered:
D:1:      sevenhm_arrival_forest_fort_small_6, layout_loops_ring
D:2:      layout_basic, serial_shops,
          nicolae_shop_temple_entry_statues_fountains, basic_altar,
          shapermc_ecumenical_altar_mp_highgroup, minmay_lizard_king

Skill      XL: |  1  2 |
---------------+-------+-----
Dodging        | 1 |  1.4
Axes           | 2 |  2.2
Armour         | 2 |  2.2
Fighting       | |  3.9
Stealth        | |  0.1
Invocations    | |  2.4

Action                   || total
-------------------------++-------
Melee: Hand axe          ||    76
       Dagger            ||    27
       Headbutt          ||     4
  Use: Scroll            ||     1
Armor: Ring mail         ||    38
       Leather armour    ||     5
Dodge: Dodged            ||    59
